 Dungeon Sprint DCSS version 0.23.2-1-ga50397a6bc (webtiles) character file.

Game seed: 7506096172080494115

1930 Kobolds4U the Fencer (level 8, -1/83 HPs)
             Began as a Minotaur Berserker on May 21, 2019.
             Was an Elder of Trog.
             Slain by a lindwurm (5 damage)
             ... in the Dungeon (Sprint I: "Red Sonja").
             The game lasted 00:02:35 (1021 turns).

Kobolds4U the Fencer (Minotaur Berserker)           Turns: 1021, Time: 00:02:35

Health: -1/83      AC:  6    Str: 22    XL:     8   Next: 97%
Magic:  11/11      EV: 15    Int:  4    God:    Trog [****..]
Gold:   399        SH:  0    Dex: 12    Spells: 7/7 levels left

rFire    . . .     SeeInvis .   a - +0 falchion
rCold    . . .     Gourm    .   (no shield)
rNeg     . . .     Faith    .   k - +0 scale mail
rPois    .         Spirit   .   (helmet restricted)
rElec    .         Reflect  .   (no cloak)
rCorr    .         Harm     .   (no gloves)
MR       .....     NoTele   +   (no boots)
Stlth    ..........             (no amulet)
HPRegen  0.23/turn              (no ring)
MPRegen  0.12/turn              (no ring)

@: no status effects
A: retaliatory headbutt, horns 2
a: Berserk, Trog's Hand, Brothers in Arms, Renounce Religion


You were in the Dungeon.
You worshipped Trog.
Trog was greatly pleased with you.
You were not hungry.

You visited 1 branch You collected 495 gold pieces.
You spent 96 gold pieces at shops.

Inventory:

Hand Weapons
 a - a +0 falchion (weapon)
Armour
 k - a +0 scale mail (worn)
Wands
 j - a wand of flame (14)
Scrolls
 i - a scroll of blinking
Potions
 d - a potion of curing
 e - a potion of heal wounds
 f - a potion of haste
 g - 2 potions of magic
 h - a potion of berserk rage


   Skills:
 + Level 11.8 Fighting
 * Level 15.6 Long Blades
 - Level 2.4 Armour
 + Level 10.7 Dodging
 + Level 5.7 Evocations


You had 7 spell levels left.
You didn't know any spells.
Your spell library was empty.

Dungeon Overview and Level Annotations

Branches:
Dungeon (1/1)

Altars:
Cheibriados
Dithmenos
Elyvilon
Fedhas
Gozag
Hepliaklqana
Kikubaaqudgha
Makhleb
Nemelex Xobeh
Okawaru
Qazlal
Ru
Sif Muna
Trog
Uskayaw
Vehumet
Wu Jian
Xom
Yredelemnul
Zin
The Shining One
Jiyva
Lugonu

Shops:
D }


Innate Abilities, Weirdness & Mutations

You reflexively headbutt those who attack you in melee.
You have a pair of horns on your head.


Message History

The lindwurm is moderately wounded.
You hit the lindwurm.
The lindwurm is moderately wounded.
The lindwurm closely misses you.
You riposte.
You slash the lindwurm!
You headbutt the lindwurm, but do no damage.
The lindwurm is severely wounded.
The lindwurm closely misses you.
The lindwurm claws you but does no damage.
You hit the lindwurm. Your headbutt misses the lindwurm.
The lindwurm is severely wounded.
The lindwurm breathes flames at you. The blast of flame hits you!!
* * * LOW HITPOINT WARNING * * *
Unknown command.
You hit the lindwurm.
The lindwurm is almost dead.
You hit the lindwurm but do no damage. Your headbutt misses the lindwurm.
The lindwurm is almost dead.
The lindwurm barely misses you. The lindwurm claws you.
You die...

####################
.#__#..)...#[.#§@k§+
.'^.'..#..†##§#§####
'#__####...'†.#§#
[#### #####.§'.# .#
#+#### .+ _# '# .#


You could see a lindwurm.

Vanquished Creatures
  2 kobold demonologists (D)
  3 demonic crawlers (D)
  A slime creature (D)
  Sigmund (D)
  A yak (D)
  A floating eye (D)
  An ogre (D)
  A jelly (D)
  Ijyb (D)
12 creatures vanquished.

Vanquished Creatures (collateral kills)
  A demonic crawler (D)
1 creature vanquished.

Grand Total: 13 creatures vanquished

Notes
Turn   | Place    | Note
-------+----------+-------------------------------------------
     0 | D        | Kobolds4U the Minotaur Berserker began the quest for the
                  | Orb.
     0 | D        | Reached XP level 1. HP: 19/19 MP: 0/0
     1 | D        | Noticed Ijyb
    31 | D        | Killed Ijyb
    31 | D        | Reached skill level 5 in Fighting
    31 | D        | Reached skill level 6 in Long Blades
    31 | D        | Reached XP level 2. HP: 4/29 MP: 1/1
   306 | D        | Noticed an ogre
   312 | D        | Killed an ogre
   312 | D        | Reached skill level 8 in Long Blades
   312 | D        | Reached skill level 5 in Dodging
   312 | D        | Reached XP level 3. HP: 38/38 MP: 2/2
   312 | D        | Reached XP level 4. HP: 45/45 MP: 3/3
   322 | D        | Noticed Sigmund
   330 | D        | Killed Sigmund
   330 | D        | Reached ** piety under Trog
   330 | D        | Reached skill level 11 in Long Blades
   330 | D        | Reached XP level 5. HP: 47/53 MP: 4/4
   345 | D        | Found an ornate altar of the Wu Jian Council.
   345 | D        | Found a deep blue altar of Sif Muna.
   347 | D        | Found a radiant altar of Vehumet.
   350 | D        | Reached XP level 6. HP: 58/62 MP: 5/5
   376 | D        | Found Wejiu's Gadget Emporium.
   376 | D        | Found an ancient bone altar of Kikubaaqudgha.
   376 | D        | Found a hazy altar of Hepliaklqana.
   376 | D        | Found a stormy altar of Qazlal.
   376 | D        | Found a hide-covered altar of Uskayaw.
   376 | D        | Found a blossoming altar of Fedhas.
   376 | D        | Found a bloodstained altar of Trog.
   376 | D        | Found an iron altar of Okawaru.
   376 | D        | Found a basalt altar of Yredelemnul.
   376 | D        | Found a glowing golden altar of the Shining One.
   376 | D        | Found a snail-covered altar of Cheibriados.
   376 | D        | Found a sacrificial altar of Ru.
   376 | D        | Found a glowing silver altar of Zin.
   376 | D        | Found a shadowy altar of Dithmenos.
   376 | D        | Found a white marble altar of Elyvilon.
   376 | D        | Noticed a yak
   382 | D        | Killed a yak
   382 | D        | Reached skill level 12 in Long Blades
   383 | D        | Found an opulent altar of Gozag.
   384 | D        | Found a sparkling altar of Nemelex Xobeh.
   388 | D        | Bought a wand of flame (14) for 96 gold pieces
   503 | D        | Found a viscous altar of Jiyva.
   503 | D        | Found a corrupted altar of Lugonu.
   503 | D        | Noticed a slime creature
   504 | D        | Found a burning altar of Makhleb.
   504 | D        | Found a shimmering altar of Xom.
   513 | D        | Killed a slime creature
   513 | D        | Reached *** piety under Trog
   513 | D        | Reached skill level 13 in Long Blades
   513 | D        | Reached XP level 7. HP: 27/71 MP: 5/7
   728 | D        | Noticed a kobold demonologist
   729 | D        | Noticed a kobold demonologist
   734 | D        | Paralysed by a floating eye for 2 turns
   741 | D        | Paralysed by a floating eye for 3 turns
   746 | D        | Noticed a ynoxinul
   747 | D        | Killed a kobold demonologist
   747 | D        | Reached skill level 10 in Fighting
   754 | D        | Killed a kobold demonologist
   754 | D        | Reached **** piety under Trog
   754 | D        | Reached skill level 14 in Long Blades
   754 | D        | Reached XP level 8. HP: 67/81 MP: 7/10
   758 | D        | Paralysed by a floating eye for 3 turns
   818 | D        | Noticed a demonic crawler
   818 | D        | Noticed a demonic crawler
   818 | D        | Noticed a demonic crawler
   818 | D        | Noticed a demonic crawler
   822 | D        | Killed a demonic crawler
   822 | D        | Reached skill level 10 in Dodging
   826 | D        | Killed a demonic crawler
   826 | D        | Reached skill level 15 in Long Blades
   826 | D        | Reached skill level 5 in Evocations
   829 | D        | Killed a demonic crawler
   833 | D        | Killed a demonic crawler
  1008 | D        | Noticed a lindwurm
  1019 | D        | HP: 4/83 [lindwurm/blast of flame (22)]
  1021 | D        | Slain by a lindwurm

Skill      XL: |  1  2  3  4  5  6  7  8 |
---------------+-------------------------+-----
Fighting       | 5 6 8 9 10 11 | 11.8
Long Blades    | 6 8 11 13 14 15 | 15.6
Dodging        | 3 5 7 8 9 10 | 10.7
Evocations     | 2 4 5 |  5.7
Armour         | |  2.4

Action                   |  1- 3 |  4- 6 |  7- 9 || total
-------------------------+-------+-------+-------++-------
Melee: Unarmed           |    20 |       |       ||    20
       Falchion          |    14 |    23 |    44 ||    81
       Headbutt          |     2 |     7 |    13 ||    22
Invok: Berserk           |       |       |     1 ||     1
       Trog's Hand       |       |       |     1 ||     1
       Brothers in Arms  |       |       |     1 ||     1
  Eat: Ration            |       |       |     1 ||     1
Armor: Animal skin       |     2 |       |       ||     2
       Scale mail        |     1 |     1 |    13 ||    15
Dodge: Dodged            |    11 |     7 |    28 ||    46
       Rpst.: Falchion   |     1 |     3 |     6 ||    10
